 Dungeon Crawl Stone Soup version 0.13.1-28-g3517093 (console) character file.

236 Magician the Chopper (level 5, -7/47 HPs)
             Began as a Minotaur Berserker on Mar 6, 2014.
             Was a Believer of Trog.
             Mangled by an ogre
             ... wielding a +0,+0 giant spiked club
              (27 damage)
             ... on Level 7 of the Dungeon.
             The game lasted 00:02:51 (346 turns).

Magician the Chopper (Minotaur Berserker)            Turns: 346, Time: 00:02:51

HP  -7/47        AC  7     Str 22      XL: 5   Next: 55%
MP   1/1         EV  9     Int  5      God: Trog [**....]
Gold 28          SH  0     Dex  9      Spells:  0 memorised,  4 levels left

Res.Fire  : . . .   See Invis. : .   a - +0 hand axe {=f}
Res.Cold  : . . .   Warding    : .   g - +0 scale mail
Life Prot.: . . .   Conserve   : .   (no shield)
Res.Poison: .       Res.Corr.  : .   (helmet restricted)
Res.Elec. : .       Clarity    : .   (no cloak)
Sust.Abil.: . .     Spirit.Shd : .   (no gloves)
Res.Mut.  : .       Rnd.Telep. : +   (no boots)
Res.Rott. : .       Flight     : .   (no amulet)
Saprovore : . . .                    (no ring)
                                     e - cursed ring of teleportation

@: exhausted, slowed, very slow, slightly resistant to hostile enchantments,
extremely unstealthy
A: retaliatory headbutt, horns 2
a: Burn Spellbooks, Berserk, Trog's Hand, Renounce Religion, Evoke Teleportation


You were on level 7 of the Dungeon.
You worshipped Trog.
Trog was pleased with you.
You were not hungry.

You visited 1 branch of the dungeon, and saw 7 of its levels.

You collected 8 gold pieces.

Inventory:

Hand weapons
 a - a +0,+0 hand axe (weapon) {=f}
Armour
 b - a +0 animal skin
 g - a +0 scale mail (worn)
Comestibles
 c - 2 bread rations
Scrolls
 f - a scroll of teleportation {unknown}
 i - a scroll of curse jewellery {unknown}
Jewellery
 e - a cursed ring of teleportation (left hand)
Potions
 d - a potion of agility {unknown}
 h - a potion of brilliance {unknown}


   Skills:
 + Level 4.8 Fighting
 * Level 6.0 Axes
 + Level 4.1 Armour
 - Level 2.1 Dodging


You had 4 spell levels left.
You didn't know any spells.

Dungeon Overview and Level Annotations

Branches:
Dungeon (7/27)                Orc (0/4) D:7
 Temple: D:4-7

Altars:


Innate Abilities, Weirdness & Mutations

You reflexively headbutt those who attack you in melee.
You have a pair of horns on your head.


Message History

The ogre shouts!
You see here an orcish club.
You barely miss the kobold. The kobold barely misses you.
You furiously retaliate!
You headbutt the kobold!
You kill the kobold!
Trog accepts your kill.
You closely miss the ogre.
The ogre hits you with a giant spiked club!
You slash the ogre!
You headbutt the ogre, but do no damage.
The ogre is moderately wounded.
The ogre barely misses you.
You hit the ogre. Your headbutt misses the ogre.
The ogre is moderately wounded.
The ogre barely misses you.
You slash the ogre!
The ogre is heavily wounded.
The ogre hits you with a giant spiked club!
Ouch! That really hurt!
You die...

#......###.##.##
#.####.# #.# #.#
#.# #>#
####.####.###.#..
..................
####.####.###.#..
#.# #@# #O# #)#
#%# #.# #.# ...
... ...


You could see an ogre.

Vanquished Creatures
  An ogre (D:5)
  A black bear (D:7)
  An adder (D:4)
  An orc (D:5)
  5 goblins
  3 hobgoblins
  3 jackals (D:5)
  A bat (D:4)
  3 kobolds
  A rat (D:2)
20 creatures vanquished.

Notes
Turn   | Place    | Note
--------------------------------------------------------------
     0 | D:1      | Magician, the Minotaur Berserker, began the quest for the Orb.
     0 | D:1      | Reached XP level 1. HP: 19/19 MP: 0/0
   161 | D:5      | Entered Level 5 of the Dungeon
   164 | D:5      | Reached skill level 4 in Axes
   221 | D:5      | Noticed an ogre
   225 | D:5      | Reached XP level 2. HP: 23/26 MP: 0/0
   228 | D:5      | Killed an ogre
   228 | D:5      | Reached skill level 5 in Axes
   228 | D:5      | Reached XP level 3. HP: 30/33 MP: 1/1
   228 | D:5      | Reached XP level 4. HP: 36/40 MP: 1/1
   243 | D:4      | Acquired Trog's second power
   307 | D:7      | Noticed a black bear
   319 | D:7      | Killed a black bear
   319 | D:7      | Reached skill level 6 in Axes
   319 | D:7      | Reached XP level 5. HP: 36/46 MP: 1/1
   324 | D:7      | Found a staircase to the Orcish Mines.
   339 | D:7      | Noticed an ogre
   346 | D:7      | Mangled by an ogre

Action                   |  1- 3 |  4- 6 || total
-------------------------+-------+-------++-------
Melee: Hand axe          |    23 |    27 ||    50
Invok: Berserk           |     1 |     1 ||     2
